 Dungeon Sprint DCSS version 0.20.1-1-g8b1a95d (webtiles) character file.

124 equalderp2856 the Skirmisher (level 4, -4/47 HPs)
             Began as a Minotaur Fighter on Aug 11, 2017.
             Was an Initiate of Gozag.
             Slain by a vampire (6 damage)
             ... in the Dungeon (Sprint IX: "|||||||||||||||||||||||||||||").
             The game lasted 00:01:20 (413 turns).

equalderp2856 the Skirmisher (Minotaur Fighter)      Turns: 413, Time: 00:01:22

Health: -4/47      AC:  7    Str: 21    XL:     4   Next: 81%
Magic:  3/3        EV:  8    Int:  5    God:    Gozag
Gold:   0          SH: 10    Dex: 10    Spells: 3/3 levels left

rFire    . . .     SeeInvis .   a - +0 war axe
rCold    . . .     Gourm    .   c - +0 shield
rNeg     . . .     Faith    .   b - +0 scale mail
rPois    .         Spirit   .   (helmet restricted)
rElec    .         Reflect  .   (no cloak)
rCorr    .         Harm     .   (no gloves)
MR       .....     NoTele   +   (no boots)
Stlth    ..........             (no amulet)
Regen    0.2/turn               (no ring)
MPRegen  0.1/turn               (no ring)

@: no status effects
A: retaliatory headbutt, horns 2
a: Potion Petition, Call Merchant, Bribe Branch, Renounce Religion


You were in the Dungeon.
You worshipped Gozag.
Gozag was noncommittal.
You were not hungry.

You visited 1 branch

Inventory:

Hand Weapons
 a - a +0 war axe (weapon)
Armour
 b - a +0 scale mail (worn)
 c - a +0 shield (worn)
Jewellery
 p - a +3 ring of dexterity
 q - a +2 ring of protection
Wands
 o - a wand of iceblast (6/15)
Scrolls
 k - 2 scrolls of blinking
 m - 3 scrolls of remove curse
 n - 2 scrolls of amnesia
Potions
 d - a potion of might
 e - a potion of invisibility
 h - a potion of haste
 i - 4 potions of magic
 j - a potion of berserk rage
 l - a potion of curing
Comestibles
 f - a bread ration


   Skills:
 + Level 7.1 Fighting
 + Level 5.3 Axes
 + Level 6.9 Armour
 + Level 1.0 Dodging
 + Level 6.8 Shields


You had 3 spell levels left.
You didn't know any spells.

Dungeon Overview and Level Annotations

Branches:
Dungeon (1/1)

Altars:
Cheibriados
Dithmenos
Elyvilon
Fedhas
Gozag
Hepliaklqana
Kikubaaqudgha
Makhleb
Nemelex Xobeh
Okawaru
Qazlal
Ru
Sif Muna
Trog
Uskayaw
Vehumet
Xom
Yredelemnul
Zin
The Shining One
Beogh
Jiyva
Lugonu


Innate Abilities, Weirdness & Mutations

You reflexively headbutt those who attack you in melee.
You have a pair of horns on your head.


Message History

You feel better. Something hits you. Something bites you.
* * * LOW HITPOINT WARNING * * *
Something draws strength from your injuries!
There is an iron altar of Okawaru here.
A sky beast appears from thin air!
Reactivating autopickup.
There is a sparkling altar of Nemelex Xobeh here.
There is a burning altar of Makhleb here.
Evoke which item? (* to show all) (? for menu, Esc to quit)
Aiming: Iceblast
Press: ? - help, Shift-Dir - straight line, f - big kobold
Aim: a big kobold The mass of ice explodes!
The iceblast engulfs something.
The iceblast engulfs you!
* * * LOW HITPOINT WARNING * * *
This wand has 6 charges left.
Something hits you but does no damage.
Deactivating autopickup; reactivate with Ctrl-A.
Something bites you.
You die...
Your body crumbles into a pile of gold.

$
▓5▓
$
▓_▓
$
▓5▓
$
▓§▓
$
▓Y▓
$
▓K▓
$
▓_▓
$
▓_▓
▓@▓
$
▓_▓
$
▓_▓
$
▓_▓
$
▓_▓
$
▓_▓
$
▓_▓
$
▓_▓
$
▓_▓


You could see a sky beast, a big kobold and a quasit.

Vanquished Creatures
  A centaur (D)
  A hound (D)
  A worm (D)
  A leopard gecko (D)
  An orc (D)
  2 giant cockroaches (D)
  A hobgoblin (D)
  2 kobolds (D)
  A rat (D)
11 creatures vanquished.

Notes
Turn   | Place    | Note
-------+----------+-------------------------------------------
     0 | D        | equalderp2856 the Minotaur Fighter began the quest for the Orb.
     0 | D        | Reached XP level 1. HP: 19/19 MP: 0/0
    11 | D        | Reached skill level 4 in Fighting
    18 | D        | Noticed a hound
    18 | D        | Noticed a centaur
    24 | D        | Reached XP level 2. HP: 22/28 MP: 1/1
    35 | D        | Killed a centaur
    35 | D        | Reached skill level 6 in Fighting
    35 | D        | Reached XP level 3. HP: 7/38 MP: 2/2
    35 | D        | Reached XP level 4. HP: 8/45 MP: 3/3
    43 | D        | Reached skill level 7 in Fighting
    43 | D        | Reached skill level 5 in Axes
    43 | D        | Reached skill level 1 in Dodging
   308 | D        | Found a roughly hewn altar of Beogh.
   308 | D        | Found a snail-covered altar of Cheibriados.
   308 | D        | Found a shadowy altar of Dithmenos.
   308 | D        | Found a white marble altar of Elyvilon.
   308 | D        | Found a blossoming altar of Fedhas.
   308 | D        | Found an opulent altar of Gozag.
   309 | D        | Found a hazy altar of Hepliaklqana.
   310 | D        | Found a viscous altar of Jiyva.
   311 | D        | Found an ancient bone altar of Kikubaaqudgha.
   312 | D        | Found a corrupted altar of Lugonu.
   313 | D        | Found a burning altar of Makhleb.
   314 | D        | Found a sparkling altar of Nemelex Xobeh.
   315 | D        | Found an iron altar of Okawaru.
   316 | D        | Found a stormy altar of Qazlal.
   317 | D        | Found a sacrificial altar of Ru.
   318 | D        | Found a deep blue altar of Sif Muna.
   319 | D        | Found a bloodstained altar of Trog.
   320 | D        | Found a hide-covered altar of Uskayaw.
   321 | D        | Found a radiant altar of Vehumet.
   330 | D        | Became a worshipper of Gozag Ym Sagoz the Greedy
   338 | D        | Found a shimmering altar of Xom.
   339 | D        | Found a basalt altar of Yredelemnul.
   340 | D        | Found a glowing silver altar of Zin.
   341 | D        | Found a glowing golden altar of the Shining One.
   365 | D        | Noticed a sky beast
   365 | D        | Noticed a big kobold
   365 | D        | Noticed a vampire
   413 | D        | HP: 2/47 [shot self (12)]
   413 | D        | Slain by a vampire

Skill      XL: |  1  2  3  4 |
---------------+-------------+-----
Armour         | 4 6 |  6.9
Shields        | 4 6 |  6.8
Fighting       | 4 6 7 |  7.1
Axes           | 4 5 |  5.3
Dodging        | 1 |  1.0

Action                   |  1- 3 |  4- 6 || total
-------------------------+-------+-------++-------
Melee: War axe           |    22 |    20 ||    42
       Headbutt          |     3 |     5 ||     8
Evoke: Wand              |       |     1 ||     1
  Use: Potion            |     1 |     6 ||     7
Armor: Scale mail        |    10 |    18 ||    28
Dodge: Dodged            |     8 |    11 ||    19
Block: Shield            |     9 |    11 ||    20
